 Dungeon Crawl Stone Soup version 0.18-a0-337-g1235303 (webtiles) character file.

432898 FishmanTm the Acrobat (level 23, -37/247 HPs)
             Began as a Merfolk Transmuter on Nov 28, 2015.
             Was the Champion of Cheibriados.
             Thrown by an iron giant (66 damage)
             ... on level 4 of the Depths.
             The game lasted 02:31:12 (46295 turns).

FishmanTm the Acrobat (Merfolk Transmuter)         Turns: 46295, Time: 02:31:13

Health: -37/247    AC: 35    Str: 27    XL:     23   Next: 95%
Magic:  43/47      EV: 47    Int: 32    God:    Cheibriados [******]
Gold:   3210       SH:  0    Dex: 37    Spells: 9 memorised, 3 levels left

rFire  + . .     SeeInvis .       - Unarmed
rCold  + + +     Clarity  .     (armour currently unavailable)
rNeg   + + .     SustAt   .     (no shield)
rPois  ∞         Gourm    .     u - +2 helmet {rC+}
rElec  +         Spirit   .     e - +0 cloak of Dawn {rN+}
rCorr  .         Warding  .     (gloves currently unavailable)
rMut   .         Stasis   .     (boots currently unavailable)
MR     +....                    (no amulet)
Stlth  ++++++....               W - ring of protection from fire
                                x - ring "Tosoh" {rC++ MP+9 Dex+4}

@: statue-form, phasing, stone skin, slowed, very slow, somewhat resistant to
hostile enchantments, very stealthy
A: (change form in water), (swift swim), spit poison 1
a: Spit Poison, End Transformation, Bend Time, Temporal Distortion, Slouch, Step
From Time, Renounce Religion
}: 2/15 runes: serpentine, barnacled


You were on level 4 of the Depths.
You worshipped Cheibriados.
Cheibriados was exalted by your worship.
You were very hungry.
You were a stone statue.
You visited 8 branches of the dungeon, and saw 44 of its levels.
You also visited: Ice Cave.

You collected 5220 gold pieces.
You spent 2010 gold pieces at shops.

Inventory:

Armour
 e - the +0 cloak of Dawn (worn) {rN+}
   (You acquired it on level 6 of the Lair of Beasts)

   It protects you from negative energy.
 p - the +1 pair of boots "Migev" (melded) {rElec rCorr}
   (You acquired it on level 4 of the Snake Pit)

   It insulates you from electricity.
   It protects you from acid and corrosion.
 u - a +2 helmet of cold resistance (worn)
 B - a +0 pair of gloves (melded)
 L - the +2 scale mail of the Sea (melded) {rF+ MP+9 SInv}
   (You found it on level 4 of the Shoals)

   It protects you from fire.
   It affects your magic capacity (+9).
   It lets you see invisible.
Jewellery
 b - an uncursed ring of positive energy
 r - an uncursed amulet of resist corrosion
 x - the ring "Tosoh" (left hand) {rC++ MP+9 Dex+4}
   (You bought it in a shop on level 15 of the Dungeon)

   [ring of magical power]

   It affects your dexterity (+4).
   It greatly protects you from cold.
   It affects your magic capacity (+9).
 M - an uncursed ring of protection from cold
 S - an uncursed ring of invisibility
 T - an uncursed ring of see invisible
 W - a ring of protection from fire (right hand)
 X - an uncursed ring of protection from magic
 Z - an uncursed ring of positive energy
Wands
 q - a wand of cold (11)
 v - a wand of teleportation (5)
 K - a wand of digging (13)
 Q - a wand of lightning (6)
 V - a wand of fire (3)
Scrolls
 a - 4 scrolls of enchant armour
 c - a scroll of summoning
 o - 16 scrolls of remove curse
 w - 7 scrolls of identify
 y - 2 scrolls of fear
 A - 5 scrolls of teleportation
 C - 4 scrolls of immolation
 E - 4 scrolls of recharging
 I - 2 scrolls of amnesia
 N - 4 scrolls of magic mapping
 R - 2 scrolls of silence
Potions
 g - 3 potions of might
 h - 4 potions of ambrosia
 i - 5 potions of agility
 l - 2 potions of cure mutation
 m - 19 potions of curing
 n - 2 potions of brilliance
 t - 6 potions of cancellation
 z - 3 potions of invisibility
 D - 6 potions of resistance
 O - 2 potions of magic
Miscellaneous
 F - a fan of gales
 G - a phantom mirror
Comestibles
 d - 22 bread rations
 f - a royal jelly
 j - 5 beef jerkies
 k - 17 meat rations
 P - 2 slices of pizza
 Y - 2 fruits


   Skills:
 - Level 18.1 Fighting
 - Level 4.0 Armour
 - Level 21.0 Dodging
 - Level 12.1 Stealth
 + Level 19.6 Unarmed Combat
 - Level 11.0 Spellcasting
 - Level 5.1 Charms
 * Level 8.0 Translocations
 - Level 17.2 Transmutations
 - Level 10.2 Earth Magic
 - Level 12.3 Invocations
 - Level 12.5 Evocations


You had 3 spell levels left.
You knew the following spells:

 Your Spells              Type           Power        Failure   Level  Hunger
a - Statue Form           Trmt/Erth      #######..    1%          6    ####...
b - Stoneskin             Trmt/Erth      #######.     0%          2    None
c - Phase Shift           Tloc           ######....   3%          5    ##.....
d - Irradiate             Conj/Trmt      ######....   2%          5    ##.....
e - Blade Hands           Trmt           #######...   1%          5    ##.....
f - Hydra Form            Trmt           #######...   1%          6    ####...
g - Dragon Form           Trmt           #######...   1%          7    ######.
h - Regeneration          Chrm/Necr      ####......   3%          3    None
i - Blink                 Tloc           N/A          1%          2    None


Dungeon Overview and Level Annotations

Branches:
Dungeon (15/15)            Temple (1/1) D:5            Lair (8/8) D:8
 Shoals (4/4) Lair:6        Snake (4/4) Lair:5        Slime (0/6) Lair:7
    Orc (4/4) D:10            Elf (0/3) Orc:3        Vaults (4/5) D:14
  Crypt (0/3) Vaults:3     Depths (4/5) D:15

Altars:
Ashenzari
Cheibriados
Dithmenos
Elyvilon
Fedhas
Gozag
Kikubaaqudgha
Makhleb
Nemelex Xobeh
Okawaru
Qazlal
Ru
Sif Muna
Trog
Vehumet
Xom
Yredelemnul
Zin
The Shining One
Lugonu

Shops:
D:4 [   D:8 (   D:14 [   D:15 }=}=   Orc:4 (=*[   Snake:1 %   Vaults:4 %
Depths:1 [   Depths:4 [

Portals:
Hell: Depths:1 Depths:2 Depths:3 Depths:4
Abyss: Depths:2 Depths:3 Depths:4
Pandemonium: Depths:1 Depths:3
Ziggurat: Depths:2


Innate Abilities, Weirdness & Mutations

((You revert to your normal form in water.))
((You are very nimble and swift while swimming.))
You can spit weak poison.


Message History

A yaktaur captain comes into view. It is wielding a staff of death.
Unknown command.
Unknown command.
Unknown command.
Read which item? (? for menu, Esc to quit)
Okay, then.
Unknown command.
You fail to use your ability.
The lich points at you and mumbles some strange words.
The bolt of lightning misses you. x2
The iron giant hits you with a giant club!
* * * LOW HITPOINT WARNING * * *
Unknown command.
Unknown command.
Unknown command.
Unknown command.
You fail to use your ability.
The lich gestures at you while chanting.
You feel yourself slow down. The iron giant throws you!
You die...

#≈§§§§§§≈## # #≈.≈§≈#
#§§§§§§§######## #≈.§§§##
#≈§≈§≈§## #≈§§## #§.§§§§##
#§§≈§≈## #≈§§##
#≈.≈§§≈§###≈.≈.≈# #≈[≈##
#≈.§≈..§§##≈.≈.≈# #≈∩≈##
#≈.?§≈..≈≈#≈.≈L§#####≈§≈##
#≈≈.§≈≈§.≈≈≈C§.≈§≈≈§≈≈.≈#
#≈≈§.§≈.8..u§.[...§..†≈#
##§≈..§≈§≈§≈§.≈≈≈≈§≈≈≈≈#
##≈≈.c§§§..§.≈#########
##§§§§≈§≈≈≈≈§#
############# #.. #.#
#.### #.#..


You could see an iron giant, a purple very ugly thing, a lich and a yaktaur
captain.

Vanquished Creatures
  2 juggernauts (Depths:3)
  Sojobo (Depths:1)
  Boris (Vaults:3)
  Saint Roka (Vaults:1)
  Vashnia (Snake:2)
  A caustic shrike (Depths:4)
  Nikola (Snake:2)
  3 golden dragons
  the Enchantress (Depths:3)
  A bone dragon (D:12)
  A lich (Depths:4)
  2 tentacled monstrosities
  Rupert (Lair:6)
  Asterion (Snake:2)
  3 sphinxes
  An ancient champion (Vaults:3)
  Polyphemus (Shoals:2)
  Kirke (Shoals:2)
  8 tengu reavers
  5 storm dragons
  Wiglaf (Snake:2)
  The ghost of endege the Severer, an adept GrBe of Trog (Snake:4)
  9 greater nagas
  8 vault wardens
  5 frost giants
  10 fire giants
  Maud (Lair:4)
  An iron dragon (Depths:4)
  Aizul (Snake:3)
  2 deep elf sorcerers (Depths:4)
  A balrug (Depths:2)
  An orc warlord (Orc:4)
  4 ironheart preservers
  3 very ugly things (Depths:4)
  11 stone giants
  5 spriggan defenders
  A vampire knight (Depths:3)
  Nessos (Lair:7)
  Azrael (D:12)
  A dire elephant (Lair:8)
  A deep elf annihilator (Depths:3)
  17 spark wasps
  A large abomination (Vaults:3)
  10 merfolk javelineers
  7 merfolk impalers
  5 ettins
  5 vault guards
  10 yaktaur captains
  A deep elf high priest (Depths:4)
  10 great orbs of eyes
  9 entropy weavers
  8 fire dragons
  A juggernaut simulacrum (Depths:4)
  13 naga warriors
  15 ogre magi
  A hell beast (Depths:3)
  The ghost of Zooty the Tainter, a journeyman DEWn of Vehumet (Lair:3)
  8 hydras
  A merfolk avatar (Shoals:4)
  16 centaur warriors
  6 ice dragons
  Erica (D:8)
  7 anacondas
  An anaconda (shapeshifter) (Depths:4)
  4 rakshasas
  6 merfolk aquamancers (Shoals:4)
  2 spriggan air magi
  An alligator snapping turtle (Shoals:1)
  3 catoblepae
  A vampire mage (Depths:4)
  A satyr (Shoals:3)
  6 shock serpents
  9 death yaks
  A deep troll earth mage (Depths:2)
  6 hell knights (Depths:4)
  3 tengu warriors
  2 sun demons (Depths:2)
  4 deep troll shamans
  5 orc high priests (Orc:4)
  27 naga sharpshooters
  A deep elf knight (Vaults:4)
  6 spriggan berserkers
  Sonja (Orc:3)
  Nergalle (D:10)
  3 soul eaters
  An iron troll (Depths:2)
  3 shadow wraiths
  2 unseen horrors
  12 sea snakes
  A salamander mystic (Snake:4)
  2 golden dragon zombies (Depths:4)
  A storm dragon skeleton (Vaults:4)
  9 deep trolls
  3 flayed ghosts
  A deep troll (shapeshifter) (Depths:1)
  3 giant orange brains
  6 necromancers
  9 naga ritualists
  10 orc knights
  8 ironbrand convokers
  A harpy (shapeshifter) (Vaults:3)
  3 hill giants
  22 harpies
  2 wizards (D:14)
  5 wolf spider zombies
  2 oklob plants
  13 mana vipers
  35 ugly things
  A frost giant zombie (Depths:4)
  3 hornets
  5 wolf spiders
  A salamander (shapeshifter) (Depths:3)
  9 griffons
  9 cyclopes
  10 salamanders
  5 orc sorcerers
  16 elephants (Lair:8)
  4 guardian serpents
  13 naga magi
  11 vault sentinels
  6 water nymphs
  8 manticores
  5 fauns
  2 fire giant skeletons (Vaults:4)
  9 centaur zombies
  A titan simulacrum (Depths:4)
  2 human skeletons (Vaults:4)
  A gargoyle (D:11)
  12 sirens
  An ice statue (IceCv)
  40 black mambas
  2 torpor snails (Lair:5)
  An eye of devastation (shapeshifter) (Vaults:2)
  20 spiny frogs
  5 spectral swamp worms (Depths:1)
  2 kobold demonologists (D:15)
  A redback zombie (D:12)
  A spiny frog (shapeshifter) (Vaults:3)
  A red devil (Depths:3)
  13 komodo dragons
  5 fire drakes
  2 deep elf priests
  A fire drake (shapeshifter) (Vaults:1)
  11 freezing wraiths
  32 merfolk
  2 tengu conjurers
  34 yaktaurs
  34 blink frogs
  A polar bear (shapeshifter) (D:15)
  2 wind drakes (Shoals:4)
  25 two-headed ogres
  2 polar bears
  4 boulder beetles
  2 jumping spiders (Vaults:3)
  11 trolls
  A human simulacrum (Vaults:2)
  2 vampires
  30 slime creatures
  7 snapping turtles
  A wraith (D:13)
  The ghost of cireshan the Conjurer, an amateur DECj (D:4)
  3 wyverns
  15 redbacks
  A spriggan (shapeshifter) (Vaults:1)
  2 tarantellas (Vaults:2)
  2 trapdoor spiders
  3 deep elf magi (D:14)
  51 yaks
  5 basilisks
  3 fire elementals
  16 vampire mosquitoes
  2 hippogriffs (shapeshifter)
  10 hippogriffs
  4 deep elf fighters
  2 fire bats (Depths:4)
  A hungry ghost (D:15)
  10 water elementals
  4 spriggans
  26 wolves
  A death yak simulacrum (IceCv)
  A neqoxec (Depths:3)
  48 nagas
  9 wargs
  3 mottled dragons
  31 water moccasins
  20 porcupines
  Duvessa (D:5)
  2 hell hounds (D:12)
  36 orc warriors
  An eye of draining (shapeshifter) (D:15)
  A soldier ant (shapeshifter) (Vaults:3)
  18 ice beasts
  2 wasps
  7 boggarts
  2 sky beasts
  3 black bears
  5 phantoms
  21 crocodiles
  66 ogres
  A necrophage (D:9)
  An alligator simulacrum (IceCv)
  20 giant frogs
  34 centaurs
  4 big kobolds
  A big kobold (shapeshifter) (Vaults:1)
  4 scorpions
  A wyvern skeleton (D:9)
  A scorpion (shapeshifter) (Vaults:4)
  10 killer bees
  6 wights
  2 electric eels
  12 crimson imps
  A giant frog zombie (D:6)
  2 quasits
  A wyvern simulacrum (D:14)
  2 jellies
  25 orc priests
  Ijyb (D:3)
  16 centaur skeletons
  A gnoll shaman (D:9)
  6 hounds
  10 iguanas
  4 giant frog skeletons
  41 orc wizards
  A polar bear simulacrum (IceCv)
  2 spriggan simulacra (IceCv)
  4 draconian simulacra (IceCv)
  A wolf simulacrum (IceCv)
  12 worker ants
  40 sheep
  7 troll simulacra (IceCv)
  A killer bee zombie (D:8)
  3 centaur simulacra (IceCv)
  5 hound skeletons
  12 adders
  3 gnolls (D:9)
  4 naga simulacra (IceCv)
  66 river rats
  5 shadow imps
  12 white imps (IceCv)
  An adder skeleton (D:6)
  A worm (shapeshifter) (D:15)
  5 worms
  6 giant geckos
  215 orcs
  2 ball pythons
  8 bats
  6 giant cockroaches
  10 hobgoblins
  10 kobolds
  5 quokkas
  A giant gecko zombie (D:9)
  6 giant newts
  16 goblins
  14 jackals
  A jackal skeleton (D:6)
  A jackal zombie (D:8)
  11 rats
  A bush (Lair:4)
  A crawling corpse (Vaults:3)
  A fire vortex (Orc:3)
  A fulminant prism (Lair:3)
  17 fungi
  15 plants
  4 tentacles (Shoals:3)
  A tentacle segment (Shoals:3)
2120 creatures vanquished.

Vanquished Creatures (collateral kills)
  Gastronok (D:8)
  A naga (Snake:3)
  Dowan (D:5)
  An adder (D:2)
4 creatures vanquished.

Vanquished Creatures (others)
  A kraken (Shoals:3)
  Ilsuiw (Shoals:4)
  A tengu warrior (Depths:4)
  A tengu zombie (Depths:4)
  A necromancer (Vaults:4)
  A harpy (Shoals:4)
  A fire giant zombie (Depths:4)
  A spark wasp simulacrum (Depths:4)
  A fire bat (Depths:4)
  A human (Shoals:2)
  A centaur (Vaults:2)
  A boggart (Depths:2)
  An ogre (Depths:4)
  21 fungi
  12 plants
  5 tentacles (Shoals:3)
  69 tentacle segments (Shoals:3)
  9 toadstools (Lair:4)
129 creatures vanquished.

Grand Total: 2253 creatures vanquished

Notes
Turn   | Place    | Note
--------------------------------------------------------------
     0 | D:1      | FishmanTm the Merfolk Transmuter began the quest for the Orb.
     0 | D:1      | Reached XP level 1. HP: 15/15 MP: 3/3
    53 | D:1      | Found an iron altar of Okawaru.
   225 | D:1      | Reached XP level 2. HP: 20/22 MP: 5/5
   452 | D:1      | Learned a level 2 spell: Sticks to Snakes
   981 | D:1      | Reached XP level 3. HP: 27/29 MP: 4/6
   986 | D:1      | Learned a level 3 spell: Spider Form
  1516 | D:2      | Reached skill level 4 in Transmutations
  1535 | D:2      | Found a bloodstained altar of Trog.
  1537 | D:2      | Found a shadowy altar of Dithmenos.
  1537 | D:2      | Found a radiant altar of Vehumet.
  1542 | D:2      | Reached XP level 4. HP: 30/35 MP: 0/7
  2120 | D:3      | Reached skill level 5 in Transmutations
  2538 | D:3      | Noticed Ijyb
  2571 | D:3      | Killed Ijyb
  2571 | D:3      | Reached XP level 5. HP: 36/41 MP: 2/8
  3253 | D:4      | Found Fetiaph's Antique Armour Shop.
  3255 | D:4      | Noticed an ogre
  3264 | D:4      | Noticed cireshan's ghost (amateur DECj)
  3269 | D:4      | Killed an ogre
  3269 | D:4      | Reached skill level 5 in Unarmed Combat
  3269 | D:4      | Reached XP level 6. HP: 37/47 MP: 6/9
  3377 | D:4      | Killed cireshan's ghost
  3377 | D:4      | Reached skill level 6 in Unarmed Combat
  3873 | D:4      | Reached XP level 7. HP: 52/52 MP: 7/10
  3958 | D:4      | Found an opulent altar of Gozag.
  4219 | D:5      | Entered Level 5 of the Dungeon
  4224 | D:5      | Reached skill level 7 in Unarmed Combat
  4547 | D:5      | Found a staircase to the Ecumenical Temple.
  4594 | Temple   | Entered the Ecumenical Temple
  4687 | Temple   | Became a worshipper of Cheibriados the Contemplative
  4735 | D:5      | Reached skill level 1 in Armour
  4772 | D:5      | Found a white marble altar of Elyvilon.
  4786 | D:5      | Reached skill level 1 in Invocations
  4919 | D:5      | Noticed Dowan
  4948 | D:5      | Killed Dowan
  5118 | D:5      | Found a sparkling altar of Nemelex Xobeh.
  5132 | D:5      | Noticed Duvessa
  5167 | D:5      | Killed Duvessa
  5167 | D:5      | Reached XP level 8. HP: 58/58 MP: 6/11
  5384 | D:6      | Reached * piety under Cheibriados
  5388 | D:6      | Reached skill level 8 in Unarmed Combat
  5764 | D:6      | Reached skill level 5 in Dodging
  6114 | D:6      | Found a deep blue altar of Sif Muna.
  6875 | D:7      | Reached XP level 9. HP: 64/64 MP: 8/12
  7028 | D:7      | Reached ** piety under Cheibriados
  7341 | D:8      | Found Buan's Weapon Shop.
  7562 | D:8      | Reached skill level 5 in Fighting
  7698 | D:8      | Learned a level 5 spell: Blade Hands
  7763 | D:8      | Noticed Erica
  7969 | D:8      | Killed Erica
  8061 | D:8      | Learned a level 4 spell: Ice Form
  8105 | D:8      | Found a staircase to the Lair.
  8105 | D:8      | Noticed a fire drake
  8122 | D:8      | Killed a fire drake
  8122 | D:8      | Reached XP level 10. HP: 56/76 MP: 6/16
  8420 | D:8      | Noticed Gastronok
  8562 | D:9      | Reached *** piety under Cheibriados
  8611 | D:9      | Reached skill level 9 in Dodging
  9148 | D:9      | Reached skill level 10 in Dodging
  9293 | D:9      | Reached **** piety under Cheibriados
  9530 | D:10     | Entered Level 10 of the Dungeon
  9569 | D:10     | Found a staircase to the Orcish Mines.
 10102 | D:10     | Noticed Nergalle
 10117 | D:10     | Killed Nergalle
 10117 | D:10     | Reached skill level 11 in Dodging
 10330 | D:9      | Reached XP level 11. HP: 89/89 MP: 17/17
 10361 | D:8      | Killed Gastronok
 10522 | D:11     | Reached skill level 10 in Fighting
 10522 | D:11     | Reached skill level 12 in Dodging
 10635 | D:11     | Reached ***** piety under Cheibriados
 10666 | D:11     | Killed an unseen horror
 10804 | D:11     | Noticed a hill giant
 10819 | D:11     | Killed a hill giant
 10875 | D:11     | Reached skill level 13 in Dodging
 11013 | D:11     | Reached skill level 5 in Spellcasting
 11579 | Lair:1   | Entered Level 1 of the Lair of Beasts
 11718 | Lair:1   | Reached skill level 1 in Evocations
 11792 | Lair:1   | Reached XP level 12. HP: 100/100 MP: 12/20
 11810 | Lair:1   | Reached ****** piety under Cheibriados
 11825 | Lair:1   | Learned a level 6 spell: Hydra Form
 12085 | Lair:1   | Noticed a seven-headed hydra
 12094 | Lair:1   | Killed a seven-headed hydra
 12422 | Lair:1   | Reached skill level 10 in Transmutations
 12440 | Lair:1   | Noticed a seven-headed hydra
 12452 | Lair:1   | Killed a seven-headed hydra
 13543 | Lair:2   | Learned a level 6 spell: Statue Form
 13546 | Lair:2   | Learned a level 2 spell: Stoneskin
 13615 | Lair:3   | Reached XP level 13. HP: 106/106 MP: 18/25
 13672 | Lair:3   | Noticed Zooty's ghost (journeyman DEWn)
 13679 | Lair:3   | Killed Zooty's ghost
 14574 | Lair:4   | Found a blossoming altar of Fedhas.
 15064 | Lair:5   | Found a staircase to the Snake Pit.
 15064 | Lair:5   | Noticed Maud
 15074 | Lair:4   | Killed Maud
 15179 | Lair:5   | Reached skill level 14 in Transmutations
 15183 | Lair:5   | Reached skill level 10 in Spellcasting
 15783 | Lair:6   | Reached skill level 15 in Transmutations
 15973 | Lair:6   | Learned a level 7 spell: Dragon Form
 15978 | Lair:6   | Identified a scroll of acquirement
 15979 | Lair:6   | Got an ancient cloak
 15990 | Lair:6   | Identified the +0 cloak of Dawn {rN+} (You acquired it on level 6 of the Lair of Beasts)
 16046 | Lair:6   | Reached XP level 14. HP: 113/113 MP: 21/28
 16114 | Lair:6   | Found a staircase to the Shoals.
 16200 | Lair:6   | Noticed Rupert
 16214 | Lair:6   | Killed Rupert
 16214 | Lair:6   | Reached skill level 16 in Transmutations
 16883 | Lair:7   | Found a staircase to the Slime Pits.
 16906 | Lair:7   | Found a shadowy altar of Dithmenos.
 16914 | Lair:7   | Reached skill level 17 in Transmutations
 16946 | Lair:7   | Noticed Nessos
 16951 | Lair:7   | Killed Nessos
 17064 | Lair:7   | Reached skill level 1 in Earth Magic
 17156 | Lair:7   | Got a pitted ring mail
 17157 | Lair:7   | Identified the +1 ring mail "Geumeug" {+Inv rF+ Dex-2 Stlth+} (You found it on level 7 of the Lair of Beasts)
 17790 | Lair:8   | Entered Level 8 of the Lair of Beasts
 17795 | Lair:8   | Found a frozen archway.
 17829 | IceCv    | Entered an ice cave
 17857 | IceCv    | Reached skill level 5 in Earth Magic
 18277 | IceCv    | Found an ancient bone altar of Kikubaaqudgha.
 18749 | Lair:8   | Reached skill level 10 in Unarmed Combat
 18749 | Lair:8   | Reached XP level 15. HP: 118/118 MP: 29/29
 20515 | D:12     | Noticed a bone dragon
 20521 | D:12     | Killed a bone dragon
 21066 | D:12     | Noticed Azrael
 21071 | D:12     | Killed Azrael
 21071 | D:12     | Reached skill level 15 in Unarmed Combat
 21071 | D:12     | Reached XP level 16. HP: 125/125 MP: 19/30
 22766 | D:14     | Found Ulloahee's Antique Armour Shoppe.
 22962 | D:14     | Found a gate to the Vaults.
 23210 | D:15     | Entered Level 15 of the Dungeon
 23210 | D:15     | Found Heykar's Jewellery Shoppe.
 23213 | D:15     | Bought the ring "Tosoh" {rC++ MP+9 Dex+4} for 1058 gold pieces
 23256 | D:15     | Gained mutation: You occasionally shout uncontrollably at your foes. [potion of mutation]
 23256 | D:15     | Gained mutation: Your body sometimes deteriorates upon taking damage. [potion of mutation]
 23256 | D:15     | Gained mutation: You are dopey. (Int -2) [potion of mutation]
 23258 | D:15     | Lost mutation: You are dopey. (Int -2) [potion of cure mutation]
 23258 | D:15     | Lost mutation: You occasionally shout uncontrollably at your foes. [potion of cure mutation]
 23258 | D:15     | Lost mutation: Your body sometimes deteriorates upon taking damage. [potion of cure mutation]
 23283 | D:15     | Found Zamol's Gadget Shop.
 23564 | D:15     | Found Maerr's Gadget Boutique.
 23592 | D:15     | Found Nuohun's Jewellery Boutique.
 23775 | D:15     | Found a staircase to the Depths.
 24375 | Orc:1    | Entered Level 1 of the Orcish Mines
 24479 | Orc:1    | Found a shimmering altar of Xom.
 25044 | Orc:3    | Noticed Sonja
 25046 | Orc:3    | Killed Sonja
 25171 | Orc:3    | Found a staircase to the Elven Halls.
 25375 | Orc:4    | Entered Level 4 of the Orcish Mines
 25375 | Orc:4    | Found Syiryloang's Jewellery Shop.
 25398 | Orc:4    | Bought an uncursed ring of protection from fire for 350 gold pieces
 25398 | Orc:4    | Bought an uncursed ring of protection from magic for 350 gold pieces
 25423 | Orc:4    | Found Igumma Ikhla's General Store.
 25795 | Orc:4    | Reached skill level 10 in Earth Magic
 25916 | Orc:4    | Found Qozxaq's Antique Weapon Shoppe.
 26088 | Orc:4    | Found Gaos Vevo's Antique Armour Boutique.
 26090 | Orc:4    | Reached XP level 17. HP: 131/131 MP: 31/31
 27352 | Snake:1  | Entered Level 1 of the Snake Pit
 27429 | Lair:5   | Learned a level 5 spell: Irradiate
 27525 | Snake:1  | Found Dikkossu's Food Boutique.
 28021 | Snake:2  | Noticed Wiglaf
 28363 | Snake:2  | Noticed Vashnia
 28372 | Snake:2  | Noticed Asterion
 29350 | Snake:2  | Killed Wiglaf
 29350 | Snake:2  | Reached skill level 15 in Dodging
 29361 | Snake:2  | Killed Vashnia
 29374 | Snake:2  | Killed Asterion
 29398 | Snake:2  | Noticed Nikola
 29405 | Snake:2  | Killed Nikola
 29567 | Snake:2  | Reached skill level 1 in Stealth
 29605 | Snake:2  | Reached XP level 18. HP: 143/143 MP: 22/32
 30041 | Snake:3  | Reached skill level 5 in Stealth
 30198 | Snake:3  | Noticed Aizul
 30203 | Snake:3  | Killed Aizul
 30375 | Snake:4  | Entered Level 4 of the Snake Pit
 30377 | Snake:4  | Got a pair of encrusted boots
 30388 | Snake:4  | Identified the +1 pair of boots "Migev" {rElec rCorr} (You acquired it on level 4 of the Snake Pit)
 30997 | Snake:4  | Reached skill level 18 in Dodging
 31063 | Snake:4  | Reached skill level 5 in Invocations
 31217 | Snake:4  | Noticed endege's ghost (adept GrBe)
 31491 | Snake:4  | Killed endege's ghost
 31736 | Snake:4  | Got a serpentine rune of Zot
 32071 | Shoals:1 | Entered Level 1 of the Shoals
 32178 | Shoals:1 | Reached XP level 19. HP: 152/152 MP: 33/33
 33437 | Shoals:2 | Noticed Polyphemus
 33447 | Shoals:2 | Killed Polyphemus
 33470 | Shoals:2 | Learned a level 3 spell: Regeneration
 33792 | Shoals:2 | Noticed Kirke
 33796 | Shoals:2 | Killed Kirke
 33796 | Shoals:2 | Reached skill level 1 in Charms
 34765 | Shoals:4 | Entered Level 4 of the Shoals
 34833 | Shoals:4 | Noticed Ilsuiw
 34908 | Shoals:4 | Killed Ilsuiw
 35197 | Shoals:4 | Learned a level 2 spell: Blink
 35374 | Shoals:4 | Reached skill level 1 in Translocations
 35709 | Shoals:4 | Reached skill level 5 in Charms
 35757 | Shoals:4 | Reached XP level 20. HP: 135/160 MP: 35/35
 35939 | Shoals:4 | Got a warped scale mail
 35946 | Shoals:4 | Identified the +2 scale mail of the Sea {rF+ MP+9 SInv} (You found it on level 4 of the Shoals)
 35974 | Shoals:4 | Got a barnacled rune of Zot
 36769 | Vaults:1 | Entered Level 1 of the Vaults
 36778 | Vaults:1 | Reached skill level 10 in Invocations
 37754 | Vaults:1 | Noticed Saint Roka
 37764 | Vaults:1 | Killed Saint Roka
 38311 | Vaults:2 | Reached skill level 15 in Fighting
 39304 | Vaults:3 | Noticed Boris
 39312 | Vaults:3 | Killed Boris
 39312 | Vaults:3 | Reached XP level 21. HP: 129/172 MP: 36/36
 39594 | Vaults:3 | Found a staircase to the Crypt.
 40984 | Vaults:4 | Found Jigok's Food Shop.
 41357 | Vaults:4 | Reached skill level 19 in Dodging
 41907 | Depths:1 | Entered Level 1 of the Depths
 41969 | Depths:1 | Reached skill level 20 in Dodging
 42129 | Depths:1 | Found a gateway to Hell.
 42246 | Depths:1 | Found a one-way gate leading to the halls of Pandemonium.
 42312 | Depths:1 | Found Rexyhan's Armour Boutique.
 42410 | Depths:1 | Noticed Sojobo
 42426 | Depths:1 | Killed Sojobo
 42426 | Depths:1 | Reached XP level 22. HP: 155/184 MP: 37/37
 43071 | Depths:2 | Found a gateway to a ziggurat.
 43164 | Depths:2 | Found a corrupted altar of Lugonu.
 43331 | Depths:2 | Reached skill level 21 in Dodging
 43523 | Depths:2 | Reached skill level 10 in Stealth
 43539 | Depths:2 | Reached skill level 5 in Evocations
 43657 | Depths:2 | Gained mutation: You can spit weak poison. [potion of beneficial mutation]
 43754 | Depths:2 | Found a one-way gate to the infinite horrors of the Abyss.
 43819 | Depths:3 | Paralysed by an ogre mage for 6 turns
 44324 | Depths:3 | Noticed a juggernaut
 44368 | Depths:4 | Found Yfromaos's Armour Emporium.
 44412 | Depths:3 | Noticed a juggernaut
 44423 | Depths:3 | Killed a juggernaut
 44630 | Depths:3 | Killed a juggernaut
 44630 | Depths:3 | Reached skill level 10 in Evocations
 44666 | Depths:3 | Reached XP level 23. HP: 190/190 MP: 32/38
 44675 | Depths:3 | Noticed the Enchantress
 44684 | Depths:3 | Killed the Enchantress
 45017 | D:15     | Bought a wand of teleportation (2) for 252 gold pieces
 45103 | Depths:3 | Found a portal to a secret trove of treasure.
 45423 | Depths:4 | Learned a level 5 spell: Phase Shift
 45531 | Depths:4 | Reached skill level 5 in Translocations
 46280 | Depths:4 | Noticed an iron giant
 46295 | Depths:4 | Thrown by an iron giant

Vault maps used:
D:1:      dpeg_arrival_sounds_slurp, minivault_4, okawaru_ov_weapons_minmay
D:2:      grunt_temple_overflow_open, first_bread
D:3:      kennysheep_the_goblin_king, minmay_goblin_kobold_house
D:4:      overflow_temple_1_default, serial_shops, nicolae_shop_crystal
D:5:      lemuel_doored_altar, elyvilon_altar_5, minmay_temple_entry_mist,
          uniq_duvessa
D:6:      lemuel_blue_sif_altar, portal_sewer_entry_a, st_stairs_12,
          grunt_ministairs_2, hex_large
D:8:      minmay_lair_entry_lava, serial_shops, nicolae_shop_crystal,
          grunt_pizzeria, amalloy_card_club, uniq_erica, uniq_gastronok
D:9:      minivault_22
D:10:     kennysheep_generic_room_12, uniq_nergalle
D:11:     nrook_uturn
D:12:     minmay_guarded_unrand_zonguldrok, uniq_azrael
D:13:     serial_bayou_ford_a
D:14:     minmay_connected_triangles_in_corner, david_vaults_4, serial_shops,
          shop, hangedman_glass_teeth, nooodl_food_tri
D:15:     gammafunk_enter_depths_forms, corexii_leaking_fountain, serial_shops,
          nicolae_shop_stone, shop, shop, shop
Temple:   circular_temple_12
Lair:1:   serial_forest, infiniplex_forest_straight_4, infiniplex_forest_join,
          infiniplex_forest_split, infiniplex_forest_lined_2,
          infiniplex_forest_clump_cross, infiniplex_forest_straight_3,
          infiniplex_forest_straight_4, infiniplex_forest_clump_C
Lair:2:   minivault_23, lemuel_fruit_fields, lemuel_fruit_tree,
          grunt_megastairs_2
Lair:3:   hibernation_bobbens
Lair:4:   tgw_fedhas, serial_bayou_shore_a, infiniplex_staircase_pool_2
Lair:5:   guppyfry_snake_entry_island, forest_entry_grove, serial_bayou_shore_b,
          uniq_maud
Lair:6:   elwin_shoals_entry_rocks, uniq_rupert
Lair:7:   minmay_slime_entry_pillars, lemuel_oklob_altar, grunt_megastairs_1,
          infiniplex_staircase_pool, uniq_nessos
Lair:8:   grunt_lair_end_beastmaster, portal_ice_cave_entry_ice_beasts
Shoals:2: uniq_kirke, uniq_polyphemus
Shoals:3: nicolae_shoals_kraken_intersection
Shoals:4: shoals_end_simple, shoal_ilsuiw, kb_tengu_band
Snake:1:  serial_shops, shop, grunt_megastairs_3, serial_bayou_shore_b
Snake:2:  grunt_ministairs_13, uniq_nikola, uniq_vashnia, uniq_wiglaf,
          uniq_asterion
Snake:3:  grunt_ministairs_14, serial_bayou_shore_b, uniq_aizul
Snake:4:  minmay_snake_end_coiled
Orc:1:    basic_altar
Orc:3:    nicolae_orc_pool_cavern, nicolae_orc_lava_tube,
          nicolae_orc_tapped_out, uniq_sonja
Orc:4:    grunt_orc_gardens, grunt_orc_garden, grunt_orc_garden,
          grunt_orc_garden, grunt_orc_garden
Vaults:1: vaults_room_fancy_cross, nicolae_vaults_sealed_display,
          grunt_vaults_diagonal, vaults_room_hangedman_quadrants,
          vaults_room_semicircle, hangedman_vaults_slice,
          vaults_room_grunt_arrival_ludios, uniq_saint_roka
Vaults:2: vaults_room_boxed, nicolae_vaults_asterisk, v_misc_24,
          grunt_vaults_swirl, v_pattern_1, v_misc_14, hangedman_vaults_cutoff,
          vaults_dpeg_ring, v_misc_4, grunt_vaults_bifocal, vaults_room_fours,
          ontoclasm_vaults_ring_small, nicolae_vaults_little_squares_4,
          vaults_dpeg_hooks, vaults_room_hallway
Vaults:3: minmay_crypt_entry_simple_sparse, hangedman_vaults_cutoff, v_misc_10,
          v_rooms_3, hangedman_vaults_restitches,
          nicolae_vaults_border_crossing, nicolae_vaults_little_squares_3,
          v_misc_16, hangedman_vaults_trim, vaults_room_door_ring,
          vaults_room_pools, uniq_boris
Vaults:4: ontoclasm_vaults_decontamination, ontoclasm_vaults_gateway,
          v_alt_pattern_3, nicolae_vaults_diagonal_hallway_7, st_cells,
          v_misc_10, nicolae_vaults_shelves_hall, ontoclasm_vaults_hangar,
          vaults_mumra_hex, serial_shops, shop
Depths:1: rand_demon_pan_entry_9, pf_hell_entry_tar_river, serial_shops, shop,
          spider_trap, hangedman_abyss_or_decor_passed,
          minmay_tree_intersection, fountainhead, solitary_fountain,
          serial_sigils_hangedman_quiver, hangedman_decor_clover_reticule,
          minmay_misc_feat_hallway, minmay_metal_thing, uniq_sojobo
Depths:2: minmay_triangles_in_corner, enter_ziggurat_e, lightli_too_deep,
          abyss_entry, hangedman_abyss_or_decor_lesser_grid, tgw_lugonu_bribe,
          minmay_staircase_statues
Depths:3: hangedman_arch_fort, abyss_entry, rand_demon_pan_entry_5,
          hangedman_decor_lopped, hell_entry, nicolae_trove_entry_crossroad,
          uniq_enchantress
Depths:4: evilmike_lava_path, abyss_entry, serial_shops,
          nicolae_shop_waterfront, hangedman_decor_growths, hell_entry,
          hangedman_decor_opposing
IceCv:    ice_cave_small_necro

Action                   |  1- 3 |  4- 6 |  7- 9 | 10-12 | 13-15 | 16-18 | 19-21 | 22-24 || total
-------------------------+-------+-------+-------+-------+-------+-------+-------+-------++-------
Melee: Unarmed           |   106 |   150 |   319 |   552 |   790 |  1173 |  1437 |   568 ||  5095
 Cast: Beastly Appendage |    23 |     8 |     1 |       |       |       |       |       ||    32
       Spider Form       |     3 |    17 |    41 |    13 |       |       |       |       ||    74
       Sticks to Snakes  |     3 |     5 |    17 |    11 |     6 |     6 |       |       ||    48
       Blade Hands       |       |       |     1 |    23 |    10 |     5 |     5 |       ||    44
       Ice Form          |       |       |       |    15 |     1 |       |       |       ||    16
       Hydra Form        |       |       |       |     6 |    75 |    20 |     7 |     6 ||   114
       Dragon Form       |       |       |       |       |     3 |       |     1 |     2 ||     6
       Statue Form       |       |       |       |       |       |    82 |    63 |    20 ||   165
       Stoneskin         |       |       |       |       |       |    29 |    27 |     8 ||    64
       Irradiate         |       |       |       |       |       |     4 |     7 |     4 ||    15
       Regeneration      |       |       |       |       |       |       |    15 |    15 ||    30
       Blink             |       |       |       |       |       |       |       |     1 ||     1
       Phase Shift       |       |       |       |       |       |       |       |     1 ||     1
Invok: Bend Time         |       |       |     4 |       |       |       |       |       ||     4
       Temporal Distorti |       |       |       |       |     2 |    42 |    35 |    13 ||    92
       Slouch            |       |       |       |       |     5 |     2 |     5 |     8 ||    20
 Abil: End Transformatio |       |       |     3 |     5 |       |     1 |     6 |     4 ||    19
Evoke: Wand              |       |       |       |     3 |       |       |       |     2 ||     5
  Use: Scroll            |       |     4 |    10 |     9 |    11 |    19 |     7 |     9 ||    69
       Potion            |       |     3 |     4 |     1 |       |     8 |       |     3 ||    19
 Stab: Sleeping          |     1 |       |     4 |     4 |     5 |     7 |    11 |     6 ||    38
       Distracted        |       |     1 |       |     3 |     1 |     7 |     2 |     6 ||    20
  Eat: Chunk             |     4 |     9 |    15 |    20 |       |    14 |    23 |    12 ||    97
       Meat ration       |       |     1 |       |       |       |     4 |     1 |       ||     6
       Fruit             |       |       |       |       |       |     3 |       |       ||     3
       Beef jerky        |       |       |       |       |       |     2 |       |       ||     2
       Pizza             |       |       |       |       |       |     1 |       |       ||     1
       Bread ration      |       |       |       |       |       |     2 |       |       ||     2
       Royal jelly       |       |       |       |       |       |       |     1 |       ||     1
